 Dungeon Crawl Stone Soup version 0.27.1-1-g398f81649c (webtiles) character file.

Game seed: 1829639539371531071

46 Woods the Cutter (level 3, -6/29 HPs)
             Began as a Demonspawn Abyssal Knight on Sept 20, 2021.
             Was a Follower of Lugonu.
             Mangled by a gnoll (9 damage)
             ... on level 2 of the Dungeon.
             The game lasted 00:02:49 (1881 turns).

Woods the Cutter (Demonspawn Abyssal Knight)        Turns: 1881, Time: 00:02:50

Health: -6/29      AC:  5    Str: 13    XL:     3   Next: 46%
Magic:  4/4        EV:  5    Int: 13    God:    Lugonu [*.....]
Gold:   63         SH:  0    Dex: 12    Spells: 2/2 levels left

rFire    . . .     SeeInvis .   a - +1 short sword
rCold    . . .     Faith    .   (no shield)
rNeg     . . .     Spirit   .   h - +0 ring mail
rPois    .         Reflect  .   (no helmet)
rElec    .         Harm     .   (no cloak)
rCorr    .         Rampage  .   (no gloves)
Will     .....                  (no boots)
Stlth    +.........             (no amulet)
HPRegen  0.09/turn              (no ring)
MPRegen  0.09/turn              (no ring)

@: held
A: powered by death 1
a: Renounce Religion, Depart the Abyss


You were on level 2 of the Dungeon.
You worshipped Lugonu.
Lugonu was aware of your devotion.
You visited 1 branch of the dungeon, and saw 2 of its levels.
You visited the Abyss 1 time.

You collected 63 gold pieces.

Inventory:

Hand Weapons
 a - a +1 short sword (weapon)
Armour
 h - a +0 ring mail (worn)
Scrolls
 c - a scroll of enchant armour {unknown}
 d - a scroll of identify {unknown}
 e - 2 scrolls of teleportation {unknown}
 i - a scroll of enchant weapon {unknown}
Potions
 b - a potion of degeneration {unknown}
 f - a potion of brilliance {unknown}
 g - 2 potions of mutation {unknown}


   Skills:
 - Level 3.1 Fighting
 + Level 3.4 Short Blades
 - Level 1.7 Armour
 - Level 0.8 Dodging
 - Level 2.4 Invocations


You had 2 spell levels left.
You didn't know any spells.
Your spell library contained the following spells:

 Spells                   Type           Power      Damage    Failure   Level
 Dazzling Flash           Conj/Hex       0%         N/A       89%         3
 Agony                    Necr           0%         N/A       100%        5
 Silence                  Hex/Air        0%         N/A       100%        5


Dungeon Overview and Level Annotations

Branches:
Dungeon (2/15)

Altars:


Innate Abilities, Weirdness & Mutations

You regenerate a little health from kills.


Message History

You hit the gnoll.
The gnoll is moderately wounded.
The gnoll barely misses you.
You hit the gnoll.
The gnoll is heavily wounded.
The gnoll barely misses you.
You hit the gnoll.
The gnoll is severely wounded.
The gnoll barely misses you.
You hit the gnoll.
You kill the gnoll!
Lugonu accepts your kill. The gnoll misses you.
The gnoll hits you but does no damage.
You see here a +0 flail.
You completely miss the gnoll. The gnoll closely misses you.
The gnoll hits you from afar with a +0 spear!
You closely miss the gnoll. The gnoll hits you but does no damage.
The gnoll hits you from afar with a +0 spear.
You hit the gnoll.
The gnoll is moderately wounded.
The gnoll completely misses you. The gnoll closely misses you.
You barely miss the gnoll.
The gnoll is moderately wounded.
The gnoll barely misses you.
The gnoll hits you from afar with a +0 spear!
You barely miss the gnoll.
The gnoll is moderately wounded.
The gnoll hits you with a +0 flail!
* * * LOW HITPOINT WARNING * * *
The gnoll hits you from afar with a +0 spear.
* * * LOW HITPOINT WARNING * * *
The gnoll throws a throwing net.
The throwing net hits you.
You become entangled in the net!
You see here a throwing net.
You struggle against the net.
You struggle against the net.
The gnoll hits you from afar with a +0 spear.
* * * LOW HITPOINT WARNING * * *
The gnoll hits you with a +0 flail!
You die...

#.#
#..(......###
#.#
#............
#.#
#.........[..
#.#
#............
#.#
#...........>
#g#
#............
#g#
#.........###
#g#
#.........#
#@#
#.........#
#.#
###########
#.# ### #.#
... #.# ..
#.# .. #.#
#.# ##### #.#
#...#


You could see 3 gnolls.

Vanquished Creatures
  A gnoll (D:2)
  An adder (D:2)
  A ball python (D:1)
  3 endoplasms
  A giant cockroach (D:1)
  A hobgoblin (D:2)
  5 jackals (D:1)
  A quokka (D:2)
  3 bats
  A frilled lizard (D:1)
  3 goblins
  A kobold (D:1)
  2 rats (D:1)
24 creatures vanquished.

Notes
Turn   | Place    | Note
-------+----------+-------------------------------------------
     0 | Abyss:1  | Woods the Demonspawn Abyssal Knight began the quest for the
                  | Orb.
     0 | Abyss:1  | Reached XP level 1. HP: 18/18 MP: 2/2
     4 | Abyss:1  | Found a corrupted altar of Lugonu.
    42 | D:1      | Escaped the Abyss
    69 | D:1      | Found a faded altar of an unknown god.
   453 | D:1      | Gained mutation: You regenerate a little health from kills.
                  | [demonic ancestry]
   453 | D:1      | Reached XP level 2. HP: 21/24 MP: 3/3
  1218 | D:2      | Reached XP level 3. HP: 21/29 MP: 4/4
  1881 | D:2      | Mangled by a gnoll

Illustrated notes

Levels and vault maps discovered:
D:1:      minmay_arrival_checkered_box, layout_loops_ring,
          basic_ecumenical_altar
D:2:      cheibrodos_greedy_goblins, layout_basic

Skill      XL: |  1  2 |
---------------+-------+-----
Short Blades   | 2 3 |  3.4
Fighting       | |  3.1
Armour         | |  1.7
Dodging        | |  0.8
Invocations    | |  2.4

Action                   || total
-------------------------++-------
Melee: Short sword       ||    91
 Stab: Sleeping          ||     1
Armor: Leather armour    ||    11
       Ring mail         ||     5
Dodge: Dodged            ||    53
